 Dungeon Crawl Stone Soup version 0.29.1-15-g9cfb28693d (webtiles) character file.

Game seed: 13615722964462321586

304 protoss039 the Digger (level 6, -2/47 HPs)
             Began as a Demonspawn Earth Elementalist on Feb 28, 2023.
             Hit by a stone thrown by an orc warrior (13 damage)
             ... on level 4 of the Dungeon.
             The game lasted 00:03:27 (3391 turns).

protoss039 the Digger (DsEE)                        Turns: 3391, Time: 00:03:27

Health: -2/47      AC:  4    Str:  9    XL:     6   Next: 15%
Magic:  5/11       EV: 11    Int: 18    God:
Gold:   171        SH:  0    Dex: 13    Spells: 6/12 levels left

rFire   . . .      SeeInvis .   f - +0 dagger
rCold   . . .      Faith    .   (no shield)
rNeg    . . .      Spirit   .   o - +0 leather armour
rPois   .          Reflect  .   (no helmet)
rElec   .          Harm     .   c - +0 cloak
rCorr   .          Rampage  .   (no gloves)
Will    +....                   (no boots)
Stlth   ++........              k - amulet of magic regeneration
HPRegen 0.15/turn               q - ring of willpower
MPRegen 0.52/turn               (no ring)

@: no status effects
A: spiny 3, weakness stinger 1
a: no special abilities


You were on level 4 of the Dungeon.
You visited 2 branches of the dungeon, and saw 5 of its levels.

You collected 171 gold pieces.

Inventory:

Hand Weapons
 f - a +0 dagger (weapon)
Armour
 c - a +0 cloak (worn)
 o - a +0 leather armour (worn)
Jewellery
 k - an amulet of magic regeneration (around neck)
 q - a ring of willpower (left hand)
 r - a ring of ice
Wands
 t - a wand of digging (5)
Scrolls
 d - 2 scrolls of silence {unknown}
 g - 4 scrolls of identify {unknown}
 j - a scroll of enchant armour {unknown}
 l - 2 scrolls of enchant weapon {unknown}
 n - 3 scrolls of amnesia {unknown}
 s - a scroll of teleportation {unknown}
 x - a scroll of noise {unknown}
 y - 3 scrolls of immolation {unknown}
Potions
 a - a potion of cancellation {unknown}
 b - 2 potions of magic
 e - 4 potions of mutation {unknown}
 h - 2 potions of ambrosia {unknown}
 i - a potion of haste {unknown}
 m - 2 potions of might {unknown}
 p - a potion of lignification {unknown}
 u - a potion of brilliance {unknown}
 v - a potion of attraction {unknown}
 w - a potion of curing {unknown}


   Skills:
 + Level 3.1 Fighting
 - Level 1.7 Dodging
 - Level 1.7 Stealth
 + Level 3.6 Spellcasting
 + Level 1.8 Conjurations
 - Level 0.8 Transmutations
 + Level 4.1 Earth Magic


You had 6 spell levels left.
You knew the following spells:

 Your Spells              Type           Power      Damage    Failure   Level
a - Sandblast             Erth           36%        2d10      4%          1
b - Passwall              Tmut/Erth      10%        N/A       12%         2
c - Stone Arrow           Conj/Erth      26%        3d8       19%         3

Your spell library contained the following spells:

 Spells                   Type           Power      Damage    Failure   Level
 Foxfire                  Conj/Fire      24%        2x1d5     16%         1
 Apportation              Tloc           6%         N/A       22%         1
 Necrotise                Necr           12%        1d4       22%         1
 Summon Small Mammal      Summ           12%        N/A       22%         1
 Frozen Ramparts          Ice            6%         1d1       54%         3
 Petrify                  Tmut/Erth      12%        N/A       61%         4
 Animate Armour           Summ/Erth      20%        N/A       67%         4
 Ice Form                 Ice/Tmut       4%         N/A       88%         4
 Summon Ice Beast         Ice/Summ       3%         N/A       91%         4
 Lehudib's Crystal Spear  Conj/Erth      6%         10d3      100%        8


Dungeon Overview and Level Annotations

Branches:
Dungeon (4/15) Zot: 20635  Temple (1/1) D:4 Zot: 5936

Altars:
Ashenzari
Cheibriados
Fedhas
Hepliaklqana
Makhleb
Nemelex Xobeh
Okawaru
Trog
Wu Jian
Xom
Yredelemnul


Innate Abilities, Weirdness & Mutations

You are completely covered in sharp spines.
You have a small tail.


Message History

Aiming: Sandblast (safe; 4% risk of failure)
Press: ? - help, Shift-Dir - straight line, f/p - orc wizard
Aim: an orc wizard, wielding a +0 dagger and wearing a +0 robe (severely wounded, 77% to hit)
The blast of sand hits the goblin.
You kill the goblin!
The ball python hisses angrily.
Unknown command.
Casting: Sandblast (safe; 4% risk of failure)
Confirm with . or Enter, or press ? or * to list all spells.
Aiming: Sandblast (safe; 4% risk of failure)
Press: ? - help, Shift-Dir - straight line, f/p - orc wizard
Aim: an orc wizard, wielding a +0 dagger and wearing a +0 robe (severely wounded, 77% to hit)
The blast of sand hits the orc wizard!
You kill the orc wizard!
The orc warrior misses you.
An orc wizard comes into view. It is wielding a +0 dagger.
Unknown command.
Casting: Sandblast (safe; 4% risk of failure)
Confirm with . or Enter, or press ? or * to list all spells.
Aiming: Stone Arrow (dangerous; 19% risk of failure)
Press: ? - help, Shift-Dir - straight line, f - orc warrior
Aim: an orc warrior, wielding a +0 trident, wearing a +0 chain mail and quivering stones (64% to hit)
The stone arrow misses the orc warrior.
The orc wizard shouts!
The orc warrior throws a stone.
The stone hits you but does no damage.
The orc wizard casts a spell.
The orc wizard flickers and vanishes!
Deactivating autopickup; reactivate with Ctrl-A.
Casting: Stone Arrow (dangerous; 19% risk of failure)
Confirm with . or Enter, or press ? or * to list all spells.
Aiming: Stone Arrow (dangerous; 19% risk of failure)
Press: ? - help, Shift-Dir - straight line, f/p - orc warrior
Aim: an orc warrior, wielding a +0 trident, wearing a +0 chain mail and quivering stones (64% to hit)
The stone arrow misses the orc warrior.
The orc warrior hits you from afar with a +0 trident!
* * * LOW HITPOINT WARNING * * *
Unknown command.
Okay, then.
The orc warrior throws a stone.
The stone hits you!
You die...

........#
.... ....
.....##)####
...........#
...###.S{.#
##..o# #...#
## #...++##
#. #...@..#
#. #......#
#. #......#
#.
######.###
#. #...#
####. ###)#
#...#
#.######
#....
#......#
#...)
###....#
#....


You could see an orc warrior and a ball python.

Vanquished Creatures
  A bullfrog (D:4)
  A hound (D:4)
  An iguana (D:4)
  2 orc wizards
  3 gnolls
  3 adders
  2 worms
  A dart slug (D:3)
  8 orcs
  6 endoplasms
  5 giant cockroaches
  6 goblins
  5 hobgoblins
  2 jackals (D:3)
  5 quokkas
  5 ball pythons
  7 kobolds
  4 rats
67 creatures vanquished.

Notes
Turn   | Place    | Note
-------+----------+-------------------------------------------
     0 | D:1      | protoss039 the Demonspawn Earth Elementalist began the
                  | quest for the Orb.
     0 | D:1      | Reached XP level 1. HP: 13/13 MP: 3/3
   392 | D:1      | Gained mutation: You are partially covered in sharp spines.
                  | [demonic ancestry]
   392 | D:1      | Reached XP level 2. HP: 20/20 MP: 5/5
   468 | D:1      | Found a faded altar of an unknown god.
   480 | D:1      | Got Plato's Omnibus of the Inferno
   789 | D:1      | Learned a level 2 spell: Passwall
   936 | D:2      | Reached skill level 1 in Fighting
   936 | D:2      | Reached skill level 3 in Earth Magic
  1085 | D:2      | Gained mutation: You are mostly covered in sharp spines.
                  | [demonic ancestry]
  1085 | D:2      | Reached XP level 3. HP: 21/26 MP: 4/6
  1905 | D:3      | Found a blossoming altar of Fedhas.
  1947 | D:3      | Reached XP level 4. HP: 26/33 MP: 3/8
  2549 | D:3      | Found an iron altar of Okawaru.
  2721 | D:3      | Learned a level 3 spell: Stone Arrow
  2737 | D:4      | Gained mutation: You are completely covered in sharp
                  | spines. [demonic ancestry]
  2737 | D:4      | Reached XP level 5. HP: 25/39 MP: 7/9
  2755 | D:4      | Noticed an orc warrior
  3030 | D:4      | Found a staircase to the Ecumenical Temple.
  3058 | D:4      | Reached skill level 1 in Conjurations
  3063 | Temple   | Entered the Ecumenical Temple
  3160 | D:4      | Reached skill level 4 in Earth Magic
  3379 | D:4      | Gained mutation: You have a small tail. [demonic ancestry]
  3379 | D:4      | Reached XP level 6. HP: 47/47 MP: 11/11
  3391 | D:4      | Hit by a stone thrown by an orc warrior

Illustrated notes

Levels and vault maps discovered:
D:1:      zelgadis_glass_arrival_small, layout_loops_cross,
          shapermc_ecumenical_altar_rom_forum
D:2:      layout_basic, chequers_garden, kennysheep_generic_room_16
D:3:      layout_basic, fedhas_altar_1, okawaru_metal_pillars_1_2
D:4:      layout_basic, minmay_temple_entry_crystal_x
Temple:   nicolae_temple_ecumenical_triangle

Skill      XL: |  1  2  3  4  5 |
---------------+----------------+-----
Fighting       | 1 2 3 |  3.1
Earth Magic    | 3 4 |  4.1
Spellcasting   | 3 |  3.6
Conjurations   | 1 |  1.8
Dodging        | |  1.7
Stealth        | |  1.7
Transmutations | |  0.8

Action                   |  1- 3 |  4- 6 || total
-------------------------+-------+-------++-------
Melee: Dagger            |    26 |     5 ||    31
 Cast: Sandblast         |    31 |    41 ||    72
       Stone Arrow       |       |     3 ||     3
 Stab: Sleeping          |     3 |       ||     3
Armor: Leather armour    |     8 |     5 ||    13
       Robe              |     1 |       ||     1
Dodge: Dodged            |    17 |    13 ||    30
